AoeStats
← Johnifon

Arabia

509718958Analyzed
2v2 RM · 4d ago on Sep 27, 2026· 39m 29s· 4 players
Game mode
Random Map
Map size
Medium (4 player)
Population
200
Speed
Normal
Resources
Standard
Victory
Conquest
Starting age
Dark Age
Ending age
Imperial Age
RankedLock teamsTeams togetherTeam positionsShared explorationLock speedFull tech treeHidden civsTurbo modeCheats
Victory
Defeat
🇬🇧 Saxons · United Kingdom
1277
+14
🇬🇧 Inca · United Kingdom
1276
+14
🇲🇽 Varangians · Mexico
1236
-14
🇲🇽 Saxons · Mexico
1236
-14
Mankito77
7:15 Loom
9:36 Feudal Age
11:05 Man-at-Arms
18:36 Forging
25:36 Horse Collar
25:44 Double-Bit Axe
29:37 Castle Age
28:48 Bloodlines
29:19 Scale Barding Armor
37:51 Husbandry
Marldox
6:57 Loom
9:10 Feudal Age
10:02 Double-Bit Axe
15:59 Horse Collar
20:28 Castle Age
20:12 Forging
23:13 Gold Mining
26:00 Bloodlines
26:57 Fletching
27:49 Thumb Ring
29:41 Iron Casting
32:36 Bodkin Arrow
35:24 Scale Mail Armor
dannyly2
5:31 Loom
8:37 Feudal Age
8:42 Champi Runner
9:19 Double-Bit Axe
18:20 Arson
20:36 Gold Mining
25:45 Castle Age
24:56 Stone Mining
25:02 Horse Collar
26:39 Champi Warrior
27:24 Scale Mail Armor
30:18 Squires
31:45 Forging
31:58 Chain Mail Armor
32:53 Bow Saw
34:02 Pikeman
Johnifon
7:16 Loom
9:51 Feudal Age
14:26 Horse Collar
15:00 Man-at-Arms
18:33 Arson
22:05 Castle Age
20:29 Scale Mail Armor
21:33 Gold Mining
21:35 Double-Bit Axe
22:47 Gambesons
23:20 Chain Mail Armor
25:44 Forging
25:37 Squires
29:20 Iron Casting
38:54 Imperial Age
37:39 Bow Saw
37:31 Heavy Plow
40:03 Wheelbarrow
39:13 Town Watch
Connection lost

Rejoining the realm…

Still unreachable

The connection could not be restored.

Session expired

The server has moved on; the page needs a fresh start.